 Dungeon Crawl Stone Soup version 0.21.1-1-g345015f (webtiles) character file.

65 inc the Ducker (level 3, 0/14 HPs)
             Began as a Felid Ice Elementalist on Mar 5, 2018.
             Succumbed to an adder's poison
             ... on level 2 of the Dungeon.
             The game lasted 00:03:46 (1823 turns).

inc the Ducker (Felid Ice Elementalist)             Turns: 1823, Time: 00:03:47

Health: 0/14       AC:  1    Str:  4    XL:     3   Next: 92%
Magic:  1/7        EV: 21    Int: 24    God:
Gold:   59         SH:  0    Dex: 16    Spells: 5/6 levels left
                                        Lives:  0   Deaths: 0

rFire    . . .     SeeInvis +   (weapon unavailable)
rCold    . . .     Gourm    .   (shield unavailable)
rNeg     . . .     Faith    .   (armour unavailable)
rPois    .         Spirit   .   (helmet unavailable)
rElec    .         Reflect  .   (cloak unavailable)
rCorr    .         Harm     .   (gloves unavailable)
MR       +....                  (boots unavailable)
Stlth    +++.......             (no amulet)
HPRegen  0.04/turn              (no ring)
MPRegen  0.10/turn              (no ring)

@: brilliant, lethally poisoned (0 -> -6), very slightly contaminated, quick
A: very small, no armour, no weapons or thrown items, stealth, antennae 1, claws
1, fangs 3, see invisible, carnivore, clever 1, speed 1, magic resistance 1,
shaggy fur 1, slow metabolism 1, sharp paws
a: no special abilities


You were on level 2 of the Dungeon.
You were hungry.

You visited 1 branch of the dungeon, and saw 2 of its levels.

You collected 59 gold pieces.

Inventory:

Scrolls
 c - a scroll of magic mapping {unknown}
 d - a scroll of immolation {unknown}
 e - a scroll of fear {unknown}
 g - 4 scrolls of teleportation {unknown}
 h - a scroll of amnesia {unknown}
 j - 2 scrolls of identify {unknown}
 k - a scroll of noise {unknown}
Books
 a - a book of Frost

   Spells                             Type                      Level
   a - Freeze                         Ice                          1
   b - Throw Frost                    Conjuration/Ice              2
   c - Ozocubu's Armour               Charms/Ice                   3
   d - Throw Icicle                   Conjuration/Ice              4
   e - Summon Ice Beast               Ice/Summoning                4
Comestibles
 b - 8 rations


   Skills:
 + Level 5.7 Dodging
 - Level 2.6 Stealth
 - Level 2.0 Spellcasting
   Level 0.8 Conjurations
 - Level 2.6 Ice Magic


You had 5 spell levels left.
You knew the following spells:

 Your Spells              Type           Power        Failure   Level  Hunger
a - Freeze                Ice            ####         1%          1    #......


Dungeon Overview and Level Annotations

Branches:
Dungeon (2/15)

Altars:


Innate Abilities, Weirdness & Mutations

You cannot wear armour.
You are incapable of wielding weapons or throwing items.
Your paws allow you to move quietly. (Stealth)
You have sharp claws.
You have razor-sharp teeth.
You have supernaturally acute eyesight. (SInv)
You are carnivorous and can eat meat at any time.
You cover ground quickly.
You are covered in fur. (AC +1)
You have a slow metabolism.
Your sharp claws are effective at attacking unaware monsters.
You have a pair of small antennae on your head.
Your mind is acute. (Int +2)
You are resistant to hostile enchantments. (MR+)


Message History

You feel sick.
Casting: Freeze
Confirm with . or Enter, or press ? or * to list all spells.
Aiming: Freeze
Press: ? - help, Shift-Dir - straight line, f/p - adder
Aim: an adder (almost dead)
You freeze the adder.
You kill the adder!
* * * LOW HITPOINT WARNING * * *
You feel sick.
You see here an adder corpse.
You aren't carrying any potions.
* * * LOW HITPOINT WARNING * * *
You feel sick.
There is a lethal amount of poison in your body!
There is a lethal amount of poison in your body!
There is a lethal amount of poison in your body!
* * * LOW HITPOINT WARNING * * *
You feel sick.
You die...

..... ##.....###
.... #.....# #...
####.....# #...
.........# #..#
###.###.##
#####..## #.# #.#
#.......####.###.#
##...#........#
#..@.†.##.#####
##. ##...#.##.#
.....#........#
#.......####
#####.###
#.......#
#########


There were no monsters in sight!

Vanquished Creatures
  An adder (D:2)
  An ooze (D:1)
  2 worms (D:2)
  3 dart slugs
  2 leopard geckos
  6 bats (D:1)
  3 giant cockroaches
  2 goblins (D:1)
  3 hobgoblins (D:1)
  2 jackals (D:1)
  4 kobolds
  A ball python (D:1)
  3 frilled lizards
  5 rats (D:1)
38 creatures vanquished.

Notes
Turn   | Place    | Note
-------+----------+-------------------------------------------
     0 | D:1      | inc the Felid Ice Elementalist began the quest for the Orb.
     0 | D:1      | Reached XP level 1. HP: 7/7 MP: 4/4
    58 | D:1      | Reached skill level 3 in Dodging
   323 | D:1      | Reached XP level 2. HP: 11/11 MP: 3/6
   406 | D:1      | Reached skill level 4 in Dodging
  1097 | D:1      | Reached XP level 3. HP: 14/14 MP: 1/7
  1300 | D:1      | Reached skill level 5 in Dodging
  1796 | D:2      | Gained mutation: You have a pair of small antennae on your head. [potion of mutation]
  1796 | D:2      | Gained mutation: Your mind is acute. (Int +2) [potion of mutation]
  1796 | D:2      | Gained mutation: You are resistant to hostile enchantments. (MR+) [potion of mutation]
  1823 | D:2      | Succumbed to an adder's poison

Skill      XL: |  1  2  3 |
---------------+----------+-----
Dodging        | 3 4 5 |  5.7
Stealth        | |  2.6
Spellcasting   | |  2.0
Conjurations   | |  0.8
Ice Magic      | |  2.6

Action                   || total
-------------------------++-------
Melee: Unarmed           ||    26
 Cast: Freeze            ||    62
  Use: Potion            ||     3
 Stab: Sleeping          ||     8
  Eat: Chunk             ||     1
Armor: Skin              ||     4
Dodge: Dodged            ||    71
